 Dungeon Crawl Stone Soup version 0.32-a0-918-g0f22ef8d61 (webtiles) character file.

Game seed: 12443265677117179644

86 mopl the Slasher (level 4, 0/35 HPs)
             Began as a Merfolk Fighter on Apr 10, 2024.
             Slain by a brain worm (5 damage)
             ... in a sewer.
             The game lasted 00:02:15 (1379 turns).

mopl the Slasher (Merfolk Fighter)                  Turns: 1379, Time: 00:02:16

Health: 0/35       AC:  9    Str: 18    XL:     4   Next: 49%
Magic:  0/4        EV:  6    Int:  7    God:
Gold:   90         SH:  5    Dex: 19    Spells: 3/3 levels left

rFire   . . .        a - +0 long sword
rCold   . . .        c - +0 buckler
rNeg    . . .        i - +0 chain mail
rPois   .            (no helmet)
rElec   .            (no cloak)
rCorr   .            h - +0 pair of gloves
SInv    .            (no boots)
Will    .....        p - amulet of the acrobat Stlth
                     j - +6 ring of dexterity
HPRegen 0.25/turn    (no ring)
MPRegen 0.09/turn

%: acrobat
@: mighty
A: (nimble swimmer 2), mertail
a: no special abilities


You were in a sewer.
You visited 1 branch of the dungeon, and saw 3 of its levels.
You also visited: Sewer.

You collected 90 gold pieces.

Inventory:

Hand Weapons
 a - a +0 long sword (weapon)
Missiles
 b - 13 poisoned darts
 g - 3 darts of dispersal (quivered)
Armour
 c - a +0 buckler (worn)
 h - a +0 pair of gloves (worn)
 i - a +0 chain mail (worn)
Jewellery
 j - a +6 ring of dexterity (left hand)
 p - an amulet of the acrobat (around neck)
Scrolls
 e - 4 scrolls of identify {unknown}
 f - a scroll of revelation {unknown}
 l - 3 scrolls of enchant armour {unknown}
Potions
 k - a potion of curing {unknown}
 m - a potion of cancellation {unknown}
 n - a potion of enlightenment {unknown}
 o - 2 potions of attraction {unknown}


   Skills:
 - Level 3.2 Fighting
 * Level 5.5 Long Blades
 - Level 2.1 Armour
 - Level 3.0 Shields


You had 3 spell levels left.
You didn't know any spells.
Your spell library contained the following spells:

 Spells                   Type           Power      Damage    Failure   Level
 Summon Small Mammal      Summ           0%         N/A       99%         1
 Call Canine Familiar     Summ           0%         N/A       100%        3
 Summon Blazeheart Golem  Fire/Summ      0%         N/A       100%        4


Dungeon Overview and Level Annotations

Branches:
Dungeon (3/15)              Sewer (1/1)

Altars:
Makhleb


Innate Abilities, Weirdness & Mutations

((You are very nimble when in or above water. (Stealth+, EV+, Speed+++)))
Your lower body shifts to a powerful aquatic tail in water.


Message History

You block the bat's attack.
The brain worm's throbbing head pulsates.
Something gnaws on your mind!
You feel your power leaking away.
You closely miss the bat. You block the bat's attack.
The brain worm's throbbing head pulsates.
Something gnaws on your mind!
You feel your power leaking away. The bat barely misses you.
You closely miss the bat. The bat hits you but does no damage.
The bat closely misses you. The bat hits you but does no damage.
You aren't carrying any items that you can evoke.
Okay, then.
You hit the bat but do no damage. The bat hits you but does no damage.
The brain worm's bulging head throbs.
Something gnaws on your mind!
You feel your power leaking away.
Found a potion of haste.
Found a gate leading back out of this place.
The bat closely misses you. You block the brain worm's attack.
You slash the brain worm!
The brain worm is heavily wounded.
The bat hits you but does no damage. The brain worm bites you.
You hit the brain worm.
The brain worm is heavily wounded.
The bat barely misses you. x2
The brain worm's bulging head throbs.
Something gnaws on your mind!
You feel your power leaking away. The bat misses you.
You hit the brain worm.
The brain worm is heavily wounded.
The brain worm's throbbing head pulsates.
Something gnaws on your mind!
* * * LOW HITPOINT WARNING * * *
You feel your power leaking away.
You feel very mighty all of a sudden. The brain worm bites you.
You die...

∩# .# .# ####### .#
##.....## .#
##...≈...## .#
##...≈≈≈...#######.####
#∩∩.†≈≈≈≈.......@wb...#
##...≈≈≈...#######.####
##...≈...## .#
##.....## !# ####### .#
.. .. ..


You could see a brain worm and a bat.

Vanquished Creatures
  An adder (D:3)
  2 ribbon worms (D:2)
  2 orcs
  7 ball pythons
  10 bats
  5 endoplasms
  11 goblins
  4 hobgoblins (D:2)
  6 jackals
  3 kobolds
  4 quokkas
  5 frilled lizards
  5 rats
65 creatures vanquished.

Notes
Turn   | Place    | Note
-------+----------+-------------------------------------------
     0 | D:1      | mopl the Merfolk Fighter began the quest for the Orb.
     0 | D:1      | Reached XP level 1. HP: 18/18 MP: 1/1
    18 | D:1      | Reached skill level 3 in Long Blades
    52 | D:1      | Reached XP level 2. HP: 23/24 MP: 2/2
   540 | D:1      | Reached skill level 4 in Long Blades
   734 | D:2      | Reached XP level 3. HP: 29/29 MP: 3/3
  1063 | D:2      | Found a burning altar of Makhleb.
  1131 | D:2      | Reached skill level 5 in Long Blades
  1153 | D:2      | Reached XP level 4. HP: 27/35 MP: 4/4
  1331 | D:3      | Found a glowing drain.
  1340 | Sewer    | Entered a sewer
  1367 | Sewer    | Noticed a brain worm
  1379 | Sewer    | Slain by a brain worm

Illustrated notes

Levels and vault maps discovered:
D:1:      lightli_arrival_chessboard, layout_basic, minmay_tiny_reverse_x
D:2:      layout_basic, basic_altar, guppyfry_early_lair_pool
D:3:      layout_rooms, portal_sewer_entry_b,
          hellmonk_ecumenical_altar_slurped_away
Sewer:    sewer_big_baddie

Skill      XL: |  1  2  3 |
---------------+----------+-----
Long Blades    | 3 4 5 |  5.5
Fighting       | |  3.2
Armour         | |  2.1
Shields        | |  3.0

Action                     |  1- 3 |  4- 6 || total
---------------------------+-------+-------++-------
  Melee: Long sword        |   138 |    48 ||   186
    Use: Potion            |       |     1 ||     1
 Armour: Scale mail        |    43 |       ||    43
         Chain mail        |   102 |    73 ||   175
  Dodge: Dodged            |    54 |    38 ||    92
  Block: Buckler           |    38 |    30 ||    68

Table legend: (Time is in decaauts)
 A = Elapsed time spent in this place.
 B = Non-inter-level travel time spent in this place.
 C = Inter-level travel time spent in this place.
 D = Time resting spent in this place.
 E = Time spent auto-exploring this place.
 F = Levels seen in this place.
 G = Mean time per level.
                   A        B        C        D        E       F      G
               +--------+--------+--------+--------+--------+-----+--------+
         Total |   1409 |   1335 |     74 |      0 |    841 |   4 |  352.2 |
       Dungeon |   1369 |   1295 |     74 |      0 |    834 |   3 |  456.3 |
         Sewer |     39 |     39 |      0 |      0 |      7 |   1 |   39.0 |
               +--------+--------+--------+--------+--------+-----+--------+

Top non-repeatable levels by time:
     D:1: 742 daAuts
     D:2: 496 daAuts
     D:3: 130 daAuts
   Sewer: 39 daAuts
